| TOP OF THE 1ST |
|
Gwinnett Braves batting - Pitching for Colorado Springs Sky Sox : RHP Colin Lancey Jr.
|
|
Pitching: RHP Colin Lancey Jr.
|
|
|
Batting: LHB Robby Dann
|
0-0: Called Strike 0-1: Ball 1-1: Reached on error, E4 (Groundball, 34, EV 106.2 MPH)
|
|
Batting: RHB Jesse Lester
|
0-0: Called Strike 0-1: Called Strike 0-2: Fielders Choice at 2nd, 1-4 (Groundball, 15, EV 73.8 MPH)
|
|
Batting: RHB Bill Turnbull
|
0-0: Grounds into double play, 6-4-3 (Groundball, 6, EV 97.5 MPH)
|
| Top of the 1st over - 0 runs, 0 hits, 1 error, 0 left on base; Gwinnett 0 - Colorado Springs 0 |
| BOTTOM OF THE 1ST |
|
Colorado Springs Sky Sox batting - Pitching for Gwinnett Braves : RHP Jon Turman
|
|
Pitching: RHP Jon Turman
|
|
|
Batting: RHB Orlando Fernandez
|
0-0: Ball 1-0: Foul Ball, location: 2F 1-1: SINGLE (Line Drive, 34D, EV 94.4 MPH)
|
|
Batting: LHB Tony Ponce
|
0-0: Called Strike 0-1: Ball 1-1: Called Strike 1-2: Grounds into double play, 6-4-3 (Groundball, 6, EV 107.5 MPH)
|
|
Batting: LHB Matt Steinke
|
0-0: Called Strike 0-1: Ball 1-1: Called Strike 1-2: Strikes out swinging
|
| Bottom of the 1st over - 0 runs, 1 hit, 0 errors, 0 left on base; Gwinnett 0 - Colorado Springs 0 |
| TOP OF THE 2ND |
|
Gwinnett Braves batting - Pitching for Colorado Springs Sky Sox : RHP Colin Lancey Jr.
|
|
Batting: RHB Chris Sharpe
|
0-0: Ball 1-0: Foul Ball, location: 2F 1-1: Ball 2-1: Foul Ball, location: 2F 2-2: Ball 3-2: Ground out U3 (Groundball, 13, EV 84.4 MPH)
|
|
Batting: LHB Mark Buchholz
|
0-0: SINGLE (Groundball, 4D, EV 96.9 MPH)
|
|
Batting: RHB Jake Lang
|
0-0: Ball 1-0: Called Strike 1-1: Ball 2-1: Foul Ball, location: 2F 2-2: Strikes out looking
|
|
Batting: RHB Corey Dalton
|
0-0: Called Strike Mark Buchholz steals 2nd base 0-1: Ball 1-1: Ball 2-1: Ground out 6-3 (Groundball, 6, EV 106.9 MPH)
|
| Top of the 2nd over - 0 runs, 1 hit, 0 errors, 1 left on base; Gwinnett 0 - Colorado Springs 0 |
| BOTTOM OF THE 2ND |
|
Colorado Springs Sky Sox batting - Pitching for Gwinnett Braves : RHP Jon Turman
|
|
Batting: LHB Koson Hirai
|
0-0: Called Strike 0-1: Ball 1-1: Called Strike 1-2: Ground out 6-3 (Groundball, 6, EV 96.2 MPH)
|
|
Batting: RHB George Lundy
|
0-0: Ball 1-0: Ground out 4-3 (Groundball, 4, EV 107.5 MPH)
|
|
Batting: RHB Bodil Hardenberg
|
0-0: SINGLE (Line Drive, 34D, EV 106.2 MPH)
|
|
Batting: RHB Fu-Kang Duan
|
0-0: Ball Bodil Hardenberg is caught stealing 2nd base 2-4
|
| Bottom of the 2nd over - 0 runs, 1 hit, 0 errors, 0 left on base; Gwinnett 0 - Colorado Springs 0 |
| TOP OF THE 3RD |
|
Gwinnett Braves batting - Pitching for Colorado Springs Sky Sox : RHP Colin Lancey Jr.
|
|
Batting: SHB David Beauchamp
|
0-0: Ground out 5-3 (Groundball, 56S, EV 70.0 MPH)
|
|
Batting: SHB Eric Reeser
|
0-0: Ball 1-0: DOUBLE (Line Drive, 7LM, EV 108.8 MPH)
|
|
Batting: LHB Robby Dann
|
0-0: Called Strike 0-1: Ground out U3 (Groundball, 3, EV 100.6 MPH) Eric Reeser to third
|
|
Batting: RHB Jesse Lester
|
0-0: Ball 1-0: Foul Ball, location: 2F 1-1: Foul Ball, location: 2F 1-2: Ball 2-2: DOUBLE (Flyball, 78XD, EV 93.1 MPH) Eric Reeser scores
|
|
Batting: RHB Bill Turnbull
|
0-0: Foul Ball, location: 2F 0-1: Ball 1-1: Swinging Strike 1-2: Ball 2-2: Ground out 5-3 (Groundball, 56S, EV 82.5 MPH)
|
| Top of the 3rd over - 1 run, 2 hits, 0 errors, 1 left on base; Gwinnett 1 - Colorado Springs 0 |
| BOTTOM OF THE 3RD |
|
Colorado Springs Sky Sox batting - Pitching for Gwinnett Braves : RHP Jon Turman
|
|
Batting: RHB Fu-Kang Duan
|
0-0: Ball 1-0: Ball 2-0: DOUBLE (Line Drive, 89M, EV 103.8 MPH)
|
|
Batting: RHB Dwane Reed
|
0-0: Ball 1-0: Ball 2-0: Foul Ball, location: 2F 2-1: Swinging Strike 2-2: Ball 3-2: Strikes out swinging
|
|
Batting: RHB Craig Gomez
|
0-0: SINGLE (Line Drive, 7S, EV 91.9 MPH) Fu-Kang Duan to third Runner from 3rd tries for Home, SAFE, throw by LF to home
|
|
Batting: RHB Orlando Fernandez
|
0-0: Ball 1-0: Ball 2-0: Foul Ball, location: 2F 2-1: Foul Ball, location: 2F 2-2: Ball Wild Pitch! Craig Gomez to second 3-2: Strikes out swinging
|
|
Batting: LHB Tony Ponce
|
0-0: Ball 1-0: SINGLE (Line Drive, 7S, EV 92.5 MPH) Craig Gomez to third Runner from 3rd tries for Home, SAFE, throw by LF to home
|
|
Batting: LHB Matt Steinke
|
0-0: Ball 1-0: Ground out 4-3 (Groundball, 34, EV 80.0 MPH)
|
| Bottom of the 3rd over - 2 runs, 3 hits, 0 errors, 1 left on base; Gwinnett 1 - Colorado Springs 2 |
| TOP OF THE 4TH |
|
Gwinnett Braves batting - Pitching for Colorado Springs Sky Sox : RHP Colin Lancey Jr.
|
|
Batting: RHB Chris Sharpe
|
0-0: Called Strike 0-1: Called Strike 0-2: Ball 1-2: Strikes out swinging
|
|
Batting: LHB Mark Buchholz
|
0-0: Called Strike 0-1: Called Strike 0-2: Ball 1-2: Strikes out swinging
|
|
Batting: RHB Jake Lang
|
0-0: Ground out 6-3 (Groundball, 6, EV 99.4 MPH)
|
| Top of the 4th over - 0 runs, 0 hits, 0 errors, 0 left on base; Gwinnett 1 - Colorado Springs 2 |
| BOTTOM OF THE 4TH |
|
Colorado Springs Sky Sox batting - Pitching for Gwinnett Braves : RHP Jon Turman
|
|
Batting: LHB Koson Hirai
|
0-0: Ball 1-0: Ground out U3 (Groundball, 3L, EV 87.5 MPH)
|
|
Batting: RHB George Lundy
|
0-0: Ball 1-0: Called Strike 1-1: Swinging Strike 1-2: Ball 2-2: SINGLE (Groundball, 5S, EV 68.8 MPH) (infield hit)
|
|
Batting: RHB Bodil Hardenberg
|
0-0: Called Strike 0-1: Fielders Choice at 2nd, 6-4 (Groundball, 6, EV 86.2 MPH)
|
|
Batting: RHB Fu-Kang Duan
|
0-0: Called Strike 0-1: Ball 1-1: Foul Ball, location: 2F 1-2: Foul Ball, location: 2F 1-2: Foul Ball, location: 2F 1-2: Foul Ball, location: 2F 1-2: Fielders Choice at 2nd, 6-4 (Groundball, 6, EV 78.8 MPH)
|
| Bottom of the 4th over - 0 runs, 1 hit, 0 errors, 1 left on base; Gwinnett 1 - Colorado Springs 2 |
| TOP OF THE 5TH |
|
Gwinnett Braves batting - Pitching for Colorado Springs Sky Sox : RHP Colin Lancey Jr.
|
|
Batting: RHB Corey Dalton
|
0-0: Ball 1-0: Ball 2-0: Ball 3-0: Called Strike 3-1: Fly out, F6 (Line Drive, 6, EV 71.9 MPH)
|
|
Batting: SHB David Beauchamp
|
0-0: Ground out 5-3 (Groundball, 56, EV 93.1 MPH)
|
|
Batting: SHB Eric Reeser
|
0-0: Ball 1-0: SINGLE (Flyball, 7S, EV 84.4 MPH)
|
|
Batting: LHB Robby Dann
|
0-0: Called Strike 0-1: Ball 1-1: Swinging Strike 1-2: Ball 2-2: Ground out 4-3 (Groundball, 4, EV 93.1 MPH)
|
| Top of the 5th over - 0 runs, 1 hit, 0 errors, 1 left on base; Gwinnett 1 - Colorado Springs 2 |
| BOTTOM OF THE 5TH |
|
Colorado Springs Sky Sox batting - Pitching for Gwinnett Braves : RHP Jon Turman
|
|
Batting: RHB Dwane Reed
|
0-0: Ball 1-0: Ball 2-0: Called Strike 2-1: Swinging Strike 2-2: Strikes out swinging
|
|
Batting: RHB Craig Gomez
|
0-0: Ball 1-0: Called Strike 1-1: Ball 2-1: Called Strike 2-2: Ball 3-2: Fly out, F2 (Popup, 2LF, EV 90.0 MPH)
|
|
Batting: RHB Orlando Fernandez
|
0-0: Ground out 6-3 (Groundball, 6, EV 89.4 MPH)
|
| Bottom of the 5th over - 0 runs, 0 hits, 0 errors, 0 left on base; Gwinnett 1 - Colorado Springs 2 |
| TOP OF THE 6TH |
|
Gwinnett Braves batting - Pitching for Colorado Springs Sky Sox : RHP Colin Lancey Jr.
|
|
Batting: RHB Jesse Lester
|
0-0: Called Strike 0-1: Ball 1-1: Foul Ball, location: 2F 1-2: Foul Ball, location: 2F 1-2: Foul Ball, location: 2F 1-2: Foul Ball, location: 2F 1-2: Ball 2-2: Ground out 5-3 (Groundball, 56, EV 107.5 MPH)
|
|
Batting: RHB Bill Turnbull
|
0-0: Ball 1-0: Fly out, F8 (Flyball, 8RD, EV 96.2 MPH)
|
|
Batting: RHB Chris Sharpe
|
0-0: Foul Ball, location: 2F 0-1: Fly out, F8 (Flyball, 8LD, EV 110.0 MPH)
|
| Top of the 6th over - 0 runs, 0 hits, 0 errors, 0 left on base; Gwinnett 1 - Colorado Springs 2 |
| BOTTOM OF THE 6TH |
|
Colorado Springs Sky Sox batting - Pitching for Gwinnett Braves : RHP Jon Turman
|
|
Batting: LHB Tony Ponce
|
0-0: Fly out, F7 (Flyball, 7D, EV 107.5 MPH)
|
|
Batting: LHB Matt Steinke
|
0-0: Ball 1-0: Ball 2-0: Ball 3-0: Base on Balls
|
|
Batting: LHB Koson Hirai
|
0-0: Ball 1-0: Ball 2-0: Called Strike 2-1: Called Strike 2-2: Strikes out swinging
|
|
Batting: RHB George Lundy
|
0-0: Ball 1-0: Swinging Strike Pickoff Throw to First - Out! 1-3
|
| Bottom of the 6th over - 0 runs, 0 hits, 0 errors, 0 left on base; Gwinnett 1 - Colorado Springs 2 |
| TOP OF THE 7TH |
|
Gwinnett Braves batting - Pitching for Colorado Springs Sky Sox : RHP Colin Lancey Jr.
|
|
Batting: LHB Mark Buchholz
|
0-0: Ball 1-0: Called Strike 1-1: Foul Ball, location: 2F 1-2: Ball 2-2: Foul Ball, location: 2F 2-2: Ball 3-2: Fly out, F7 (Flyball, 7LSF, EV 76.9 MPH)
|
|
Batting: RHB Jake Lang
|
0-0: Ball 1-0: Called Strike 1-1: Called Strike 1-2: Foul Ball, location: 2F 1-2: Foul Ball, location: 2F 1-2: Ground out 6-3 (Groundball, 6, EV 79.4 MPH)
|
|
Batting: RHB Corey Dalton
|
0-0: Ball 1-0: Foul Ball, location: 2F 1-1: Swinging Strike 1-2: Strikes out swinging
|
| Top of the 7th over - 0 runs, 0 hits, 0 errors, 0 left on base; Gwinnett 1 - Colorado Springs 2 |
| BOTTOM OF THE 7TH |
|
Colorado Springs Sky Sox batting - Pitching for Gwinnett Braves : RHP Jon Turman
|
|
Batting: RHB George Lundy
|
0-0: Swinging Strike 0-1: Ball 1-1: Ball 2-1: Foul Ball, location: 2F 2-2: Foul Ball, location: 2F 2-2: Ground out 6-3 (Groundball, 6, EV 88.1 MPH)
|
|
Batting: RHB Bodil Hardenberg
|
0-0: Ball 1-0: Ball 2-0: Foul Ball, location: 2F 2-1: Ball 3-1: SINGLE (Groundball, 56, EV 106.9 MPH) (infield hit)
|
|
Batting: RHB Fu-Kang Duan
|
0-0: Called Strike 0-1: Grounds into double play, 6-4-3 (Groundball, 6, EV 89.4 MPH)
|
| Bottom of the 7th over - 0 runs, 1 hit, 0 errors, 0 left on base; Gwinnett 1 - Colorado Springs 2 |
| TOP OF THE 8TH |
|
Gwinnett Braves batting - Pitching for Colorado Springs Sky Sox : RHP Colin Lancey Jr.
|
|
Batting: SHB David Beauchamp
|
0-0: Ball 1-0: Foul Ball, location: 2F 1-1: Foul Ball, location: 2F 1-2: Ground out U3 (Groundball, 34, EV 80.0 MPH)
|
|
Batting: SHB Eric Reeser
|
0-0: Ball 1-0: Called Strike 1-1: Swinging Strike 1-2: Ball 2-2: Strikes out swinging
|
|
Batting: LHB Robby Dann
|
0-0: Fly out, F8 (Flyball, 8LXD, EV 106.9 MPH)
|
| Top of the 8th over - 0 runs, 0 hits, 0 errors, 0 left on base; Gwinnett 1 - Colorado Springs 2 |
| BOTTOM OF THE 8TH |
|
Colorado Springs Sky Sox batting - Pitching for Gwinnett Braves : RHP Jon Turman
|
|
Batting: RHB Dwane Reed
|
0-0: DOUBLE (Line Drive, 9LD, EV 110.0 MPH)
|
|
Batting: RHB Craig Gomez
|
0-0: Ground out 6-3 (Groundball, P, EV 82.5 MPH) Dwane Reed to third
|
|
Batting: RHB Orlando Fernandez
|
0-0: Ball 1-0: Bunted foul 1-1: Ball 2-1: Squeeze Bunt to 15 - play home, runner OUT, batter safe! 1-2
|
|
Batting: LHB Tony Ponce
|
Pickoff Throw to First - Error! E1 Orlando Fernandez to second 0-0: Ball 1-0: Ball 2-0: Fly out, F4 (Line Drive, 34, EV 65.0 MPH)
|
| Bottom of the 8th over - 0 runs, 1 hit, 1 error, 1 left on base; Gwinnett 1 - Colorado Springs 2 |
| TOP OF THE 9TH |
|
Gwinnett Braves batting - Pitching for Colorado Springs Sky Sox : RHP Colin Lancey Jr.
|
|
Pitching: RHP Tye Dickinson
|
|
|
Batting: RHB Jesse Lester
|
0-0: SINGLE (Groundball, 6M, EV 87.5 MPH) (infield hit)
|
|
Batting: RHB Bill Turnbull
|
0-0: Called Strike 0-1: Foul Ball, location: 2F 0-2: Ball 1-2: Ball 2-2: Ball 3-2: Foul Ball, location: 2F 3-2: Fly out, F4 (Popup, 4D, EV 75.0 MPH)
|
|
Batting: RHB Chris Sharpe
|
0-0: Ball 1-0: Ball 2-0: Swinging Strike 2-1: Swinging Strike 2-2: SINGLE (Groundball, 6MS, EV 66.2 MPH) (infield hit) Jesse Lester to second
|
|
Batting: LHB Mark Buchholz
|
0-0: Swinging Strike 0-1: Ball 1-1: Ball 2-1: SINGLE (Groundball, 4MD, EV 105.0 MPH) Jesse Lester to third Chris Sharpe to second Runner from 3rd tries for Home, SAFE, throw by CF to home
|
|
Batting: RHB Jake Lang
|
0-0: Ball 1-0: Foul Ball, location: 2F 1-1: Fly out, F7 (Flyball, 78M, EV 85.0 MPH)
|
|
Batting: LHB Chris Locklear
|
0-0: Called Strike 0-1: Called Strike 0-2: Ball 1-2: Foul Ball, location: 2F 1-2: Foul Ball, location: 2F 1-2: Strikes out looking
|
| Top of the 9th over - 1 run, 3 hits, 0 errors, 2 left on base; Gwinnett 2 - Colorado Springs 2 |
| BOTTOM OF THE 9TH |
|
Colorado Springs Sky Sox batting - Pitching for Gwinnett Braves : RHP Jon Turman
|
|
Pitching: RHP Chong-hun Park
|
|
|
Batting: LHB Matt Steinke
|
0-0: Ball 1-0: Fly out, F6 (Popup, 6M, EV 57.5 MPH)
|
|
Batting: LHB Koson Hirai
|
0-0: Ball 1-0: Foul Ball, location: 2F 1-1: Ball 2-1: SINGLE (Groundball, 4D, EV 93.8 MPH)
|
|
Batting: RHB George Lundy
|
0-0: Called Strike Koson Hirai steals 2nd, throwing error, E2 Koson Hirai to third 0-1: Ball 1-1: Ball 2-1: Ball 3-1: Fielders Choice at home, 6-2 (Groundball, 6MS, EV 67.5 MPH)
|
|
Batting: RHB Bodil Hardenberg
|
0-0: Ball 1-0: Swinging Strike 1-1: Swinging Strike 1-2: Foul Ball, location: 2F 1-2: Strikes out swinging
|
| Bottom of the 9th over - 0 runs, 1 hit, 1 error, 1 left on base; Gwinnett 2 - Colorado Springs 2 |
| TOP OF THE 10TH |
|
Gwinnett Braves batting - Pitching for Colorado Springs Sky Sox : RHP Tye Dickinson
|
|
Pitching: LHP Tristan Morrow
|
|
|
Batting: SHB David Beauchamp
|
0-0: Called Strike 0-1: TRIPLE (Flyball, 89XD, EV 90.6 MPH)
|
|
Batting: SHB Eric Reeser
|
0-0: Ball 1-0: Swinging Strike 1-1: Foul Ball, location: 2F 1-2: Ball 2-2: SINGLE (Groundball, 4, EV 109.4 MPH) (infield hit) David Beauchamp scores
|
|
Batting: LHB Robby Dann
|
0-0: SINGLE (Groundball, 6D, EV 100.0 MPH) Eric Reeser to second
|
|
Batting: RHB Jesse Lester
|
0-0: Bunted foul 0-1: Bunted foul 0-2: Strikes out swinging
|
|
Batting: RHB Bill Turnbull
|
0-0: Called Strike 0-1: Ground out U3 (Groundball, 34S, EV 70.0 MPH) Eric Reeser to third Robby Dann to second
|
|
Batting: RHB Chris Sharpe
|
0-0: Ball 1-0: Ball 2-0: Ball 3-0: Called Strike 3-1: Foul Ball, location: 2F 3-2: Foul Ball, location: 2F 3-2: Base on Balls
|
|
Batting: LHB Mark Buchholz
|
0-0: Called Strike 0-1: Ball 1-1: Called Strike 1-2: Ball 2-2: Strikes out swinging
|
| Top of the 10th over - 1 run, 3 hits, 0 errors, 3 left on base; Gwinnett 3 - Colorado Springs 2 |
| BOTTOM OF THE 10TH |
|
Colorado Springs Sky Sox batting - Pitching for Gwinnett Braves : RHP Chong-hun Park
|
|
Batting: RHB Fu-Kang Duan
|
0-0: Ground out 1-3 (Groundball, 13S, EV 71.9 MPH)
|
|
Batting: RHB Dwane Reed
|
0-0: Ball 1-0: Ball 2-0: Swinging Strike 2-1: Foul Ball, location: 2F 2-2: Strikes out swinging
|
|
Batting: RHB Craig Gomez
|
0-0: Swinging Strike 0-1: Called Strike 0-2: Foul Ball, location: 2F 0-2: Ball 1-2: Strikes out looking
|
| Bottom of the 10th over - 0 runs, 0 hits, 0 errors, 0 left on base; Gwinnett 3 - Colorado Springs 2 |
|